 Dungeon Crawl Stone Soup version 0.30-a0-778-g2ef04afb54 (webtiles) character file.

Game seed: 9888569758767316336

19805 IndexError the Markself (level 12, -5/69 HPs)
             Began as a Deep Elf Hexslinger on Feb 16, 2023.
             Was a High Priest of Hepliaklqana.
             Shot with a bolt by a yaktaur captain (43 damage)
             ... on level 13 of the Dungeon.
             The game lasted 00:36:31 (13424 turns).

IndexError the Markself (Deep Elf Hexslinger)      Turns: 13424, Time: 00:36:31

Health: -5/69      AC: 13    Str:  7    XL:     12   Next: 39%
Magic:  20/21      EV: 25    Int: 26    God:    Hepliaklqana [*****.]
Gold:   1110       SH:  0    Dex: 24    Spells: 9/21 levels left

rFire   + . .      SeeInvis .    d - +6 longbow "Newtslayer" {drain, Fragile rElec rPois Dex+5}
rCold   + . .      Faith    .    (shield currently unavailable)
rNeg    . . .      Spirit   .    y - +2 robe {rC+ rF+}
rPois   +          Reflect  .    i - +2 helmet
rElec   +          Harm     .    x - +1 cloak
rCorr   .          Rampage  .    F - +0 pair of gloves
Will    +....                    f - +2 pair of boots
Stlth   ++                       (no amulet)
HPRegen 0.31/turn                k - +6 ring of intelligence
MPRegen 0.17/turn                T - +5 ring of evasion

@: no status effects
A: reduced essence
a: Renounce Religion, Recall Ancestor, Ancestor Identity, Transference, Idealise


You were on level 13 of the Dungeon.
You worshipped Hepliaklqana.
Hepliaklqana was extremely pleased with you.
You visited 1 branch of the dungeon, and saw 13 of its levels.
You also visited: Ossuary.

You collected 1110 gold pieces.

Inventory:

Hand Weapons
 a - a +1 heavy arbalest
   (You took it off an orc warrior on level 6 of the Dungeon)
 d - the +6 longbow "Newtslayer" (weapon) {drain, Fragile rElec rPois Dex+5}
   (You acquired it on level 7 of the Dungeon)

   Dex:       It affects your dexterity (+5).
   rElec:     It insulates you from electricity.
   rPois:     It protects you from poison.
   Fragile:   It will be destroyed if unequipped.
Missiles
 e - 2 throwing nets {=f, !d}
 Q - a curare-tipped dart
Armour
 f - a +2 pair of boots (worn)
   (You found it on level 1 of the Dungeon)
 h - a scarf of shadows
   (You found it on level 7 of the Dungeon)
 i - a +2 helmet (worn)
   (You found it on level 1 of the Dungeon)
 m - a +0 robe
   (You found it on level 1 of the Dungeon)
 o - a +0 scale mail
   (You found it on level 2 of the Dungeon)
 s - a +0 robe
   (You found it on level 2 of the Dungeon)
 u - a +0 scale mail
   (You found it on level 3 of the Dungeon)
 x - a +1 cloak (worn)
   (You found it on level 8 of the Dungeon)
 y - a +2 robe of resistance (worn)
   (You took it off Erica on level 8 of the Dungeon)
 B - a +0 robe
   (You found it on level 4 of the Dungeon)
 D - a +1 scale mail of cold resistance
   (You found it on level 6 of the Dungeon)
 F - a +0 pair of gloves (worn)
   (You found it on level 5 of the Dungeon)
 L - a +0 troll leather armour {regen}
   (You found it on level 9 of the Dungeon)
 R - a +0 robe
   (You took it off an orc wizard on level 5 of the Dungeon)
 S - a +0 robe
   (You took it off an orc wizard on level 5 of the Dungeon)
 V - a +0 robe
   (You found it on level 6 of the Dungeon)
 W - a +0 robe
   (You took it off a wight on level 6 of the Dungeon)
 X - a +0 robe
   (You took it off a wight on level 6 of the Dungeon)
 Y - a +0 robe
   (You took it off Blork the orc on level 6 of the Dungeon)
 Z - a +0 robe
   (You took it off a wight on level 6 of the Dungeon)
Jewellery
 k - a +6 ring of intelligence (left hand)
   (You found it on level 1 of the Dungeon)
 T - a +5 ring of evasion (right hand)
   (You found it on level 12 of the Dungeon)
 U - a ring of resist corrosion
   (You found it on level 6 of the Dungeon)
Wands
 w - a wand of paralysis (7)
   (You found it on level 8 of the Dungeon)
 z - a wand of iceblast (9)
   (You found it on level 4 of the Dungeon)
 A - a wand of flame (34)
   (You found it on level 4 of the Dungeon)
 G - a wand of digging (16)
   (You found it on level 5 of the Dungeon)
 K - a wand of light (5)
   (You found it on level 5 of the Dungeon)
 M - a wand of mindburst (7)
   (You found it on level 10 of the Dungeon)
Scrolls
 b - 5 scrolls of poison {!r}
 g - 2 scrolls of amnesia
 r - 5 scrolls of teleportation
 H - 3 scrolls of immolation {!r}
 N - 2 scrolls of magic mapping {!r}
Potions
 c - a potion of ambrosia {unknown}
 j - 3 potions of might {unknown}
 l - 5 potions of brilliance {unknown}
 n - 2 potions of berserk rage {!q}
 p - a potion of attraction {!q}
 q - 4 potions of lignification {unknown}
 t - 9 potions of curing
 v - 4 potions of magic
 C - 6 potions of heal wounds {unknown}
 E - 2 potions of cancellation
 I - a potion of mutation {unknown}
 J - a potion of haste
 O - a potion of resistance
 P - 2 potions of invisibility


   Skills:
 - Level 10.0 Fighting
 - Level 16.0 Ranged Weapons
 - Level 10.0 Dodging
 - Level 5.0 Spellcasting
 + Level 7.7 Hexes
 - Level 4.0 Translocations
 - Level 4.0 Ice Magic
 + Level 3.4 Invocations


You had 9 spell levels left.
You knew the following spells:

 Your Spells              Type           Power      Damage    Failure   Level
a - Cause Fear            Hex            23%        N/A       3%          4
b - Portal Projectile     Hex/Tloc       74%        N/A       1%          3
c - Ensorcelled Hibernat  Hex/Ice        74%        N/A       1%          2
d - Blink                 Tloc           54%        N/A       2%          2
s - Slow                  Hex            100%       N/A       1%          1

Your spell library contained the following spells:

 Spells                   Type           Power      Damage    Failure   Level
 Apportation              Tloc           54%        N/A       1%          1
 Confusing Touch          Hex            46%        N/A       1%          3
 Tukima's Dance           Hex            46%        N/A       1%          3
 Inner Flame              Hex/Fire       26%        N/A       4%          3
 Kiss of Death            Conj/Necr      24%        2d7       8%          1
 Necrotise                Necr           24%        1d5       8%          1
 Shock                    Conj/Air       24%        1d4       8%          1
 Summon Small Mammal      Summ           24%        N/A       8%          1
 Manifold Assault         Tloc           27%        N/A       14%         4
 Summon Ice Beast         Ice/Summ       16%        N/A       32%         4
 Summon Mana Viper        Hex/Summ       26%        N/A       41%         5
 Dispel Undead            Necr           6%         3d8       58%         4
 Blade Hands              Tmut           3%         N/A       91%         5
 Monstrous Menagerie      Summ           3%         N/A       100%        7
 Storm Form               Tmut/Air       3%         N/A       100%        7
 Maxwell's Capacitive Co  Air            3%         ∞         100%        8
 Chain Lightning          Conj/Air       3%         3d4       100%        9


Dungeon Overview and Level Annotations

Branches:
Dungeon (13/15)            Temple (0/1) D:6            Lair (0/5) D:9
    Orc (0/2) D:12        Ossuary (visited)
 Vaults: D:13-14

Altars:
Ashenzari
Cheibriados
Gozag
Hepliaklqana
Okawaru
Trog
Wu Jian

Shops:
D:7 ![:   D:11 *

Annotations:
D:6 1 runed translucent door, Olga's ghost, novice GrEE
D:12 3 runed translucent doors, TryHard88's ghost, journeyman FoFi
D:13 Urug


Message History

Your Invocations skill increases to level 3!
Magic restored.
You swap places.
You see here a +1 scimitar of flaming.
You see here a hydra corpse.
You pick up a book of Cantrips and begin reading...
You add the spells Necrotise, Summon Small Mammal and Apportation to your library.
MP restored: 21 You swap places.
You swap places.
You swap places.
You swap places.
You swap places.
You open the door.
There is an open door here.
You open the door.
There is an open door here.
You see here 5 stones.
l - 5 murky grey potions (gained 1)
You now have 1110 gold pieces (gained 22).
Urug the Orcish Ballista comes into view.
She is wielding a +3 broad axe.
Urug shouts!
A two-headed ogre comes into view.
It is wielding a +0 giant spiked club and a +0 giant club.
Casting: Slow (safe; 1% risk of failure)
Confirm with . or Enter, or press ? or * to list all spells.
Aiming: Slow (safe; 1% risk of failure)
Press: ? - help, Shift-Dir - straight line, f - Urug
Aim: Urug, wielding a +3 broad axe, wearing a +0 chain mail and quivering javelins (ally target, chance to affect: 38%) Urug resists with some effort.
The two-headed ogre shouts in stereo!
A yaktaur comes into view.
Urug throws a javelin.
The javelin barely misses you.
Warning x2: The yaktaur (wandering) can hit for moderate damage in melee!
The yaktaur (wandering) can hit for high damage at range!
You now have 20/21 mp.
You shoot an arrow. The arrow completely misses Urug.
The yaktaur shouts!
The yaktaur wields a +0 arbalest.
The yaktaur shoots a bolt.
The bolt hits you!!
A yaktaur comes into view.
Urug screams, "Damn your eyes!"
The yaktaur shouts!
You hear a shout!
Danger x4: yaktaur x2, yaktaur x2!
You take 23 damage, and have 46/69 hp.
MASSIVE DAMAGE!!
You shoot an arrow. The arrow hits Urug but does no damage.
You drain Urug.
The yaktaur wields a +0 arbalest.
The yaktaur shoots a bolt.
The bolt barely misses you.
Warning x2: The yaktaur can hit for moderate damage in melee!
The yaktaur can hit for high damage at range!
You shoot an arrow. Yessica avoids your attack.
The arrow hits Urug!
You drain Urug.
Yessica hits Urug with a +0 flail.
Danger x4: yaktaur x2, yaktaur x2!
Casting: Slow (safe; 1% risk of failure)
Confirm with . or Enter, or press ? or * to list all spells.
Aiming: Slow (safe; 1% risk of failure)
Press: ? - help, Shift-Dir - straight line, f/p - Urug
Aim: Urug, wielding a +3 broad axe, wearing a +0 chain mail and quivering javelins (moderately wounded, lightly drained, ally target, chance to affect: 47%) Yessica avoids your attack.
Urug resists with some effort.
Urug throws a javelin.
The javelin pierces through Yessica.
The javelin barely misses you.
Yessica hits Urug with a +0 flail!
Danger x4: yaktaur x2, yaktaur x2!
You now have 19/21 mp.
Casting: Slow (safe; 1% risk of failure)
Confirm with . or Enter, or press ? or * to list all spells.
Aiming: Slow (safe; 1% risk of failure)
Press: ? - help, Shift-Dir - straight line, f/p - Urug
Aim: Urug, wielding a +3 broad axe, wearing a +0 chain mail and quivering javelins (heavily wounded, lightly drained, ally target, chance to affect: 47%) Yessica avoids your attack.
Urug seems to slow down.
A yaktaur captain comes into view.
Danger x6: yaktaur x2, yaktaur x2, yaktaur captain, yaktaur captain!
You shoot an arrow. Yessica avoids your attack.
The arrow hits the yaktaur captain.
You drain the yaktaur captain.
Danger x4: yaktaur, yaktaur, yaktaur captain (drained, ally target), yaktaur captain (drained, ally target)!
You shoot an arrow. Yessica avoids your attack.
The arrow hits the yaktaur captain!
You drain the yaktaur captain.
The yaktaur captain wields a +0 arbalest.
The yaktaur captain shoots a bolt.
The bolt hits Yessica!!
Yessica hits the yaktaur captain with a +0 flail.
Danger x4: yaktaur, yaktaur, yaktaur captain (distracted, drained, ally target), yaktaur captain (distracted, drained, ally target)!
You shoot an arrow. Yessica avoids your attack.
The arrow hits the yaktaur captain!
Danger x4: yaktaur, yaktaur, yaktaur captain (drained, ally target), yaktaur captain (drained, ally target)!
You shoot an arrow. Yessica avoids your attack.
The arrow hits the yaktaur captain!
You drain the yaktaur captain.
Yessica hits the yaktaur captain with a +0 flail.
The yaktaur captain shoots a bolt.
Yessica blocks the bolt.
Danger x4: yaktaur, yaktaur, yaktaur captain (drained, ally target), yaktaur captain (drained, ally target)!
You shoot an arrow. Yessica avoids your attack.
The arrow barely misses the yaktaur captain.
Yessica hits the yaktaur captain with a +0 flail!
The yaktaur shoots a bolt.
The bolt hits Yessica!!
The yaktaur captain shouts!
Danger x4: yaktaur, yaktaur, yaktaur captain (drained), yaktaur captain (drained)!
Danger x6: yaktaur x2, yaktaur x2, yaktaur captain (drained), yaktaur captain (drained)!
Danger x6: yaktaur x2, yaktaur x2, yaktaur captain (drained), yaktaur captain (drained)!
The yaktaur captain shoots a bolt.
The bolt hits you!
Danger x6: yaktaur x2, yaktaur x2, yaktaur captain (drained), yaktaur captain (drained)!
You take 12 damage, and have 37/69 hp.
You see here 2 stones.
Danger x4: yaktaur, yaktaur, yaktaur captain (drained), yaktaur captain (drained)!
You open the door.
The yaktaur captain shoots a bolt.
The bolt hits you!!!
Ouch! That really hurt!
You die...

..# # #.# .... # ... ###c. # #.#
#... # #.# ##+#o# # #.# ##..c.#
... # #.### ##..c..## .... #
#.#.## ##.......# .....
########....####@.......# .....
.(.............'........####.....
########....####................#
#...## ##.......#.......# ###.#
##.....##.......# #.#
##...###.......# #.# ##+##
#.......# #.# ###.####.......#
##.## #..............#


You could see a yaktaur captain (drained), Urug (slow, drained) and a yaktaur.

Vanquished Creatures
  A hydra (D:13)
  A boulder beetle (D:12)
  Erica (D:8)
  Lodul (D:13)
  2 deep elf pyromancers
  An ugly thing (D:13)
  A kobold demonologist (D:11)
  A troll (D:9)
  Grinder (D:4)
  A hornet (D:10)
  12 slime creatures
  A wyvern (D:9)
  3 wraiths
  A shadow (D:12)
  12 yaks
  A vampire (D:11)
  3 vampire mosquitoes (D:13)
  Menkaure (D:4)
  2 acid dragons
  Edmund (D:6)
  5 orc warriors
  2 ice beasts
  A black bear (D:9)
  9 ogres
  10 centaurs
  3 kobold brigands
  4 bullfrogs
  A necrophage (D:7)
  A gnoll sergeant (D:11)
  An elf skeleton (D:5)
  6 wights
  7 killer bees
  3 howler monkeys
  5 orc priests
  A gnoll bouda (D:8)
  A hound (D:5)
  2 jellies
  An iguana (D:6)
  A human skeleton (D:5)
  Natasha (thrice) (D:4)
  11 orc wizards
  2 mummies (Ossuary)
  3 adders
  10 gnolls
  2 white imps
  An ufetubus (D:4)
  3 adder zombies (Ossuary)
  4 dart slugs
  23 orcs
  3 ball pythons
  2 endoplasms (D:4)
  3 giant cockroaches
  5 hobgoblins
  6 jackals
  A quokka (D:2)
  6 bats
  6 frilled lizards
  4 goblins
  2 goblin zombies (Ossuary)
  2 hobgoblin zombies (Ossuary)
  12 kobolds
  3 kobold zombies (Ossuary)
  2 orc skeletons (D:5)
  8 rats
  2 rat zombies (Ossuary)
241 creatures vanquished.

Vanquished Creatures (collateral kills)
  2 centaur warriors (D:13)
  An ugly thing (D:12)
  An unseen horror (D:11)
  An efreet (D:13)
  A troll (D:10)
  A wraith (D:12)
  A slime creature (D:12)
  A wyvern (D:9)
  A basilisk (D:9)
  5 yaks
  Duvessa (D:6)
  2 ice beasts
  2 orc warriors
  A black bear (D:6)
  A sky beast (D:8)
  2 centaurs
  Blork the orc (D:6)
  An elf skeleton (D:5)
  A necrophage (D:6)
  A wight (D:7)
  Dowan (D:7)
  4 killer bees
  2 howler monkeys
  An orc priest (D:9)
  A hound (D:4)
  A gnoll bouda (D:6)
  A human skeleton (D:5)
  An iguana (D:5)
  6 orc wizards
  A mummy (Ossuary)
  6 gnolls
  4 adders
  A shadow imp (D:8)
  A white imp (D:3)
  An adder zombie (Ossuary)
  A dart slug (D:2)
  19 orcs
  A hobgoblin (D:4)
  A jackal (D:5)
  4 kobolds (D:9)
  3 bats (D:2)
  A frilled lizard (D:3)
  2 goblin zombies (Ossuary)
  A hobgoblin zombie (Ossuary)
  A quokka zombie (Ossuary)
  A rat (D:2)
  A rat zombie (Ossuary)
96 creatures vanquished.

Vanquished Creatures (others)
  10 knights
  An ancestor (D:4)
11 creatures vanquished.

Grand Total: 348 creatures vanquished

Notes
Turn   | Place    | Note
-------+----------+-------------------------------------------
     0 | D:1      | IndexError the Deep Elf Hexslinger began the quest for the
                  | Orb.
     0 | D:1      | Reached XP level 1. HP: 11/11 MP: 5/5
   351 | D:1      | Reached skill level 3 in Ranged Weapons
   441 | D:1      | Reached XP level 2. HP: 16/16 MP: 6/6
  1285 | D:2      | Reached skill level 4 in Ranged Weapons
  1346 | D:2      | Found a faded altar of an unknown god.
  1383 | D:2      | Prayed at the altar of an unknown god.
  1383 | D:2      | Became a worshipper of Hepliaklqana the Forgotten
  1383 | D:2      | Reached * piety under Hepliaklqana
  1441 | D:2      | Reached XP level 3. HP: 18/18 MP: 7/7
  2193 | D:3      | Reached skill level 5 in Ranged Weapons
  2212 | D:2      | Reached XP level 4. HP: 20/21 MP: 5/8
  2249 | D:3      | Reached skill level 5 in Hexes
  2370 | D:3      | Reached ** piety under Hepliaklqana
  2846 | D:4      | Noticed Menkaure
  2856 | D:4      | Killed Menkaure
  2857 | D:4      | Reached skill level 6 in Ranged Weapons
  2857 | D:4      | Reached XP level 5. HP: 15/25 MP: 9/9
  2857 | D:4      | Remembered your ancestor Yessica as a knight
  3035 | D:4      | Noticed Natasha
  3039 | D:4      | Killed Natasha
  3040 | D:4      | Reached skill level 6 in Hexes
  3063 | D:4      | Reached skill level 7 in Ranged Weapons
  3104 | D:4      | Reached XP level 6. HP: 29/29 MP: 10/10
  3153 | D:4      | Noticed Grinder
  3173 | D:4      | Killed Grinder
  3174 | D:4      | Reached skill level 8 in Ranged Weapons
  3332 | D:4      | Noticed Natasha
  3338 | D:4      | Killed Natasha
  3339 | D:4      | Reached XP level 7. HP: 33/33 MP: 11/11
  3368 | D:4      | Noticed Natasha
  3375 | D:4      | Killed Natasha
  3497 | D:4      | Reached skill level 7 in Hexes
  3532 | D:4      | Reached *** piety under Hepliaklqana
  3585 | D:4      | Learned a level 4 spell: Cause Fear
  3602 | D:5      | Entered Level 5 of the Dungeon
  3612 | D:5      | Reached skill level 9 in Ranged Weapons
  3612 | D:5      | Reached skill level 2 in Spellcasting
  3829 | D:5      | Reached skill level 3 in Spellcasting
  4135 | D:5      | Found a sand-covered staircase.
  4143 | D:5      | Reached skill level 10 in Ranged Weapons
  4143 | D:5      | Reached skill level 4 in Spellcasting
  4146 | Ossuary  | Entered an ossuary
  4261 | Ossuary  | Reached skill level 1 in Fighting
  4269 | Ossuary  | Reached XP level 8. HP: 38/38 MP: 16/16
  4636 | D:5      | Reached skill level 5 in Spellcasting
  4806 | D:5      | Reached skill level 2 in Fighting
  4854 | D:5      | Got the Verses on the Foggy Serac
  5183 | D:6      | Reached skill level 3 in Fighting
  5347 | D:6      | Found a staircase to the Ecumenical Temple.
  5357 | D:6      | Reached skill level 4 in Fighting
  5398 | D:6      | Noticed Edmund
  5403 | D:6      | Noticed Blork the orc
  5411 | D:6      | Killed Blork the orc
  5605 | D:6      | Reached skill level 5 in Fighting
  5661 | D:6      | Found a runed translucent door.
  5661 | D:6      | Noticed Olga's ghost (novice GrEE)
  5822 | D:6      | Killed Edmund
  5951 | D:6      | Reached XP level 9. HP: 49/49 MP: 18/18
  6000 | D:6      | Reached skill level 6 in Fighting
  6658 | D:7      | Reached **** piety under Hepliaklqana
  6797 | D:7      | Reached skill level 7 in Fighting
  6824 | D:7      | HP: 5/51 [orc priest/divine providence (13)]
  7047 | D:7      | Noticed Dowan
  7050 | D:7      | Noticed Duvessa
  7123 | D:7      | Killed Dowan
  7190 | D:6      | Killed Duvessa
  7426 | D:7      | Found Sihaech's Distillery.
  7509 | D:7      | Identified a scroll of acquirement
  7509 | D:7      | Acquired the +6 longbow "Newtslayer" {drain, Fragile rElec
                  | rPois Dex+5}
  7531 | D:7      | Reached skill level 8 in Fighting
  7557 | D:7      | Learned a level 3 spell: Portal Projectile
  7560 | D:7      | Learned a level 2 spell: Ensorcelled Hibernation
  7609 | D:7      | HP: 13/53 [poisoned by a killer bee]
  7611 | D:7      | HP: 6/53 [killer bee (3)]
  7759 | D:7      | Found Uha Weel's Antique Armour Shop.
  8045 | D:7      | Found Cymiacko's Book Shoppe.
  8161 | D:8      | Reached skill level 9 in Fighting
  8219 | D:8      | Found an opulent altar of Gozag.
  8358 | D:8      | Found an ornate altar of the Wu Jian Council.
  8358 | D:8      | Found a bloodstained altar of Trog.
  8364 | D:8      | Found an iron altar of Okawaru.
  8367 | D:8      | Found a snail-covered altar of Cheibriados.
  8369 | D:8      | Found a hazy altar of Hepliaklqana.
  8369 | D:8      | Noticed Erica
  8376 | D:8      | Killed Erica
  8377 | D:8      | Reached XP level 10. HP: 40/59 MP: 19/19
  8476 | D:8      | Found a broken altar of Ashenzari.
  8482 | D:8      | Learned a level 2 spell: Blink
  9073 | D:9      | Reached skill level 10 in Fighting
  9088 | D:9      | Reached skill level 1 in Translocations
  9088 | D:9      | Reached skill level 1 in Ice Magic
  9098 | D:9      | Reached skill level 2 in Translocations
  9098 | D:9      | Reached skill level 2 in Ice Magic
  9245 | D:9      | Reached skill level 3 in Translocations
  9245 | D:9      | Reached skill level 3 in Ice Magic
  9498 | D:9      | Reached skill level 4 in Translocations
  9498 | D:9      | Reached skill level 4 in Ice Magic
  9537 | D:9      | Reached skill level 3 in Dodging
  9674 | D:9      | Found a staircase to the Lair.
  9960 | D:10     | Entered Level 10 of the Dungeon
 10024 | D:10     | Reached skill level 4 in Dodging
 10213 | D:10     | Reached skill level 11 in Ranged Weapons
 10213 | D:10     | Reached skill level 5 in Dodging
 10236 | D:10     | Reached ***** piety under Hepliaklqana
 10354 | D:10     | Reached XP level 11. HP: 64/64 MP: 20/20
 10691 | D:11     | Reached skill level 6 in Dodging
 10748 | D:11     | Found Neing's Assorted Antiques.
 10967 | D:11     | Reached skill level 12 in Ranged Weapons
 11209 | D:12     | Reached skill level 7 in Dodging
 11396 | D:12     | Noticed a deep elf pyromancer
 11397 | D:12     | Killed a deep elf pyromancer
 11418 | D:12     | Found a runed translucent gate.
 11418 | D:12     | Found a runed translucent gate.
 11418 | D:12     | Found a runed translucent gate.
 11418 | D:12     | Noticed an orc knight
 11418 | D:12     | Noticed a naga warrior
 11418 | D:12     | Noticed a merfolk impaler
 11419 | D:12     | Found an iron altar of Okawaru.
 11419 | D:12     | Noticed a naga warrior
 11419 | D:12     | Noticed TryHard88's ghost (journeyman FoFi)
 11467 | D:12     | Reached skill level 8 in Dodging
 11475 | D:12     | Noticed a boulder beetle
 11520 | D:12     | Reached skill level 13 in Ranged Weapons
 11588 | D:12     | Killed a boulder beetle
 11631 | D:12     | Reached skill level 9 in Dodging
 11658 | D:12     | Noticed a purple ugly thing
 11668 | D:12     | Killed a purple ugly thing
 12074 | D:12     | Reached skill level 14 in Ranged Weapons
 12160 | D:11     | Found Neing's Assorted Antiques.
 12201 | D:11     | Reached skill level 10 in Dodging
 12501 | D:12     | Found a staircase to the Orcish Mines.
 12717 | D:13     | Noticed a green ugly thing
 12722 | D:13     | Killed a green ugly thing
 12800 | D:13     | Reached XP level 12. HP: 69/69 MP: 21/21
 12824 | D:13     | Reached skill level 15 in Ranged Weapons
 12826 | D:13     | Noticed Lodul
 12826 | D:13     | Noticed a centaur warrior
 12833 | D:13     | Killed Lodul
 12836 | D:13     | Killed a centaur warrior
 12944 | D:13     | Noticed a centaur warrior
 12951 | D:13     | Killed a centaur warrior
 12952 | D:13     | Reached skill level 16 in Ranged Weapons
 12952 | D:13     | Reached skill level 2 in Invocations
 13249 | D:13     | Noticed an eight-headed hydra
 13258 | D:13     | Killed an eight-headed hydra
 13259 | D:13     | Reached skill level 3 in Invocations
 13408 | D:13     | Noticed Urug
 13408 | D:13     | Noticed a two-headed ogre
 13415 | D:13     | Noticed a yaktaur captain
 13424 | D:13     | Shot with a bolt by a yaktaur captain

Illustrated notes

Levels and vault maps discovered:
D:1:      kilobyte_arrival_exit_the_forest, layout_basic, serial_aquarium,
          aquarium_bridge_square [aquarium_subvault_wall,
          aquarium_subvault_wall, aquarium_subvault_bridge,
          aquarium_subvault_wall], aquarium_window_1, aquarium_window_1,
          aquarium_window_corner, aquarium_window_fake, aquarium_view_2d
D:2:      minmay_general_purpose_star, layout_basic,
          chequers_ecumenical_altar_twisty, nicolae_eternal_life
D:3:      layout_basic
D:4:      layout_gridville, serial_glass, glass_columns_a, glass_columns_a,
          uniq_natasha, uniq_menkaure, uniq_grinder
D:5:      layout_basic, nicolae_ossuary_entry_catacombs, kennysheep_small_spiral
D:6:      layout_layer_cave, minmay_temple_entry_sparse_star,
          gammafunk_ghost_grave, uniq_edmund, uniq_blork_the_orc
D:7:      layout_rooms, serial_shops, shop, nicolae_shop_window_shopping,
          nicolae_take_the_stairs, dk_vineyard_1, nrook_mini_backslash,
          dk_rats_in_the_wall, uniq_duvessa
D:8:      layout_loops_ring, nicolae_gozag_cash_rules_everything_around_me,
          nicolae_overflow_hallway_of_the_gods, uniq_erica
D:9:      layout_cave_pods, david_lair_generic, wad_floor_pattern_untrapped
D:10:     layout_roguey
D:11:     layout_big_octagon, serial_shops, shop
D:12:     layout_long_grid, david_orc_3, gammafunk_ghost_fury_of_okawaru
D:13:     layout_loops_corners, david_vaults_2, uniq_urug, uniq_lodul

Skill      XL: |  1  2  3  4  5  6  7  8  9 10 11 12 |
---------------+-------------------------------------+-----
Ranged Weapons | 3 4 5 6 7 8 10 11 14 16 | 16.0
Hexes          | 5 6 7 |  7.7
Spellcasting   | 4 5 |  5.0
Fighting       | 1 5 9 10 | 10.0
Translocations | 4 |  4.0
Ice Magic      | 4 |  4.0
Dodging        | 5 10 | 10.0
Invocations    | 3 |  3.4

Action                     |  1- 3 |  4- 6 |  7- 9 | 10-12 || total
---------------------------+-------+-------+-------+-------++-------
   Fire: Sling             |   123 |    63 |    67 |       ||   253
         Shortbow          |       |       |   182 |       ||   182
         Arbalest          |       |       |    53 |       ||    53
         Longbow           |       |       |    31 |   396 ||   427
   Cast: Slow              |       |     2 |    15 |    25 ||    42
         Cause Fear        |       |       |     3 |     1 ||     4
 Invoke: Ancestor Identity |     3 |       |       |       ||     3
         Recall Ancestor   |     1 |     1 |     2 |     1 ||     5
         Ancestor Life: Kn |       |     1 |       |       ||     1
    Use: Scroll            |       |       |    19 |     5 ||    24
         Potion            |       |       |     3 |       ||     3
 Armour: Leather armour    |    27 |     4 |    35 |       ||    66
         Robe              |       |       |       |    42 ||    42
  Dodge: Dodged            |    45 |     9 |    87 |   112 ||   253

Table legend: (Time is in decaauts)
 A = Elapsed time spent in this place.
 B = Non-inter-level travel time spent in this place.
 C = Inter-level travel time spent in this place.
 D = Time resting spent in this place.
 E = Time spent auto-exploring this place.
 F = Levels seen in this place.
 G = Mean time per level.
                   A        B        C        D        E       F      G
               +--------+--------+--------+--------+--------+-----+--------+
         Total |  13564 |  12073 |   1491 |     86 |   9502 |  14 |  968.9 |
       Dungeon |  13387 |  11896 |   1491 |     86 |   9401 |  13 | 1029.8 |
       Ossuary |    176 |    176 |      0 |      0 |    101 |   1 |  176.0 |
               +--------+--------+--------+--------+--------+-----+--------+

Top non-repeatable levels by time:
     D:6: 1939 daAuts
     D:5: 1572 daAuts
     D:1: 1292 daAuts
    D:11: 1070 daAuts
     D:8: 1040 daAuts
     D:2: 1033 daAuts
    D:12: 1013 daAuts
     D:9: 836 daAuts
     D:4: 810 daAuts
     D:7: 795 daAuts
    D:10: 684 daAuts
    D:13: 662 daAuts
     D:3: 633 daAuts
 Ossuary: 176 daAuts

Table legend:
 A = Kills in this place as a percentage of kills in entire the game.
 B = Kills by you in this place as a percentage of kills by you in the entire game.
 C = Kills by friends in this place as a percentage of kills by friends in the entire game.
 D = Other kills in this place as a percentage of other kills in the entire game.
 E = Experience gained in this place as a percentage of experience gained in the entire game.
 F = Experience gained in this place divided by the number of levels of this place that you have seen.
                   A       B       C       D       E      F
               +-------+-------+-------+-------+-------+----------------------
         Total | 100.0 | 100.0 | 100.0 |   N/A | 100.0 | 2020.9
       Dungeon |  93.8 |  94.2 |  92.7 |   N/A |  99.7 | 2169.4
       Ossuary |   6.2 |   5.8 |   7.3 |   N/A |   0.3 |  91.0
               +-------+-------+-------+-------+-------+----------------------
